Unix xNetHack Version 7.1.0 - last build Jun 10 2022 16:52:22 (33bbff3b7d1ce07880d5c4b1c5efc7e91935e5b9). Game began 2022-06-24 08:51:57, ended 2022-06-24 09:00:50. elenmirie, neutral female human Tourist ----- ----- ---------- ||^.#| |...| |........| |....| |#..|## ------- --.-- |........| -.--+a |...-# |.....| |...| |........| #####@# --.--#####..(...| |..|| |.<......| # ##### |.~...| |.... -----.---- # # -.----- --.-- # ### # ### # ##### # ## ## ##### # -------.----|- ####### ####### |...{........| -+--.------- --.-.---------- |............| |..........| |.............| |............| |.........{| |.............| -------------- |...........####### |.............| ------------ ###..............| |.............| --------------- Elenmirie the Sightseer St:12 Dx:12 Co:15 In:12 Wi:9 Ch:16 Neutral Dlvl:4 $:393 HP:0(34) Pw:12(12) AC:9 Xp:4/112 T:1690 Latest messages: The straw golem hits! In what direction? l You destroy the straw golem! a - 3 uncursed +2 darts (at the ready) {3}. In what direction? u Ouch! That hurts! In what direction? u Ouch! That hurts! You are beginning to feel hungry. You stop searching. What do you want to eat? [b-h or ?*] ? Core dumped. You no longer feel hungry. What do you want to eat? [b-h or ?*] c Core dumped. What do you want to eat? [b-h or ?*] c Core dumped. What do you want to eat? [b-h or ?*] c Core dumped. In what direction? u You've attracted the tree's former occupants! What do you want to use or apply? [m-ovwy or ?*] ? Never mind. The killer bee stings! The killer bee stings! The killer bee stings! The killer bee stings! What do you want to zap? [v or ?*] v In what direction? y The sleep ray misses the killer bee. The sleep ray hits the killer bee. The sleep ray bounces! The killer bee stings! What do you want to zap? [v or ?*] v In what direction? y The sleep ray hits the killer bee. The sleep ray hits the killer bee. The sleep ray bounces! You miss the killer bee. You stab the killer bee. You miss the killer bee. The killer bee stings! The killer bee stings! The killer bee stings! You die... Do you want your possessions identified? [ynq] (y) y Do you want to see your attributes? [ynq] (y) y Do you want an account of creatures vanquished? [ynaq] (y) y Do you want to see your conduct and achievements? [ynq] (y) y Do you want to see the dungeon overview? [ynq] (y) y Major events: Turn 1: elenmirie the neutral female human Tourist entered the dungeon 673: attained the rank of Sightseer (level 3) 1174: entered the Gnomish Mines 1690: killed by a killer bee Inventory: Inventory: 457/725 weight (25/52 slots) Coins $ - 393 gold pieces {4} Weapons a - 28 uncursed +2 darts (at the ready) {28} p - 11 cursed -1 platinum darts {11} u - an uncursed +0 elven spear {30} q - an uncursed +0 bone orcish dagger (weapon in hand) {3} w - an uncursed +0 silver axe {67} Armor s - an uncursed -3 pair of gauntlets of fumbling {10} l - an uncursed +0 pair of low boots (being worn) {8} k - an uncursed +0 Hawaiian shirt with a tropical fish motif (being worn) {4} Comestibles g - an uncursed carrot {2} b - 5 uncursed food rations {100} d - 3 uncursed fortune cookies {3} h - 3 uncursed oranges {6} e - 2 uncursed tripe rations {20} f - an uncursed egg {1} Scrolls t - a cursed scroll of food detection {5} j - 4 uncursed scrolls of magic mapping {20} x - an uncursed scroll of water {5} Spellbooks y - an uncursed spellbook of sleep {45} Potions z - a blessed potion of healing {20} r - an uncursed potion of monster detection {20} A - an uncursed potion of water {20} Wands v - an uncursed wand of sleep (0:3) {7} Tools n - an uncursed credit card {1} m - an uncursed expensive camera (0:91) {12} o - an uncursed towel {5} Elenmirie the Tourist's attributes: Background: You were a Sightseer, a level 4 female human Tourist. You were neutral, nominally on a mission for The Lady who was opposed by Blind Io (lawful) and Offler (chaotic). You were heterosexual. You were in the Dungeons of Doom, on level 4. You entered the dungeon 1690 turns ago. You had 112 experience points, 48 more were needed to attain level 5. Basics: You had 0 out of 34 hit points. You had all 12 energy points (spell power). Your armor class was 9. Your wallet contained 393 zorkmids. Autopickup was on for '$' plus thrown. Final Characteristics: Your strength was 12 (limit:18/100). Your dexterity was 12 (limit:18). Your constitution was 15 (limit:18). Your intelligence was 12 (limit:18). Your wisdom was 9 (limit:18). Your charisma was 16 (limit:18). Final Status: You were not hungry. You were unencumbered. You were wielding a dagger. You were unskilled in dagger. Final Attributes: You were devoutly aligned. You were telepathic. You are dead. Miscellaneous: You never encountered a bones level. Total elapsed playing time was 8 minutes and 52 seconds. Vanquished creatures: a rock mole a straw golem a floating eye a dwarf zombie a coyote a gas spore 2 giant rats a yellow mold a red mold 3 geckos a jackal a kobold a goblin a sewer rat 2 grid bugs 6 lichens a kobold zombie 7 newts 33 creatures vanquished. No species were genocided or became extinct. Voluntary challenges: You were an atheist. You read items or engraved 1 time. You never genocided any monsters. You never polymorphed an object. You never changed form. You never touched an artifact. You used no wishes. You never owned a pet. You never scared an enemy with impunity. You were celibate. You never generated conflict. Achievements: You attained the rank of Sightseer. You entered the Gnomish Mines. The Dungeons of Doom: levels 1 to 4 Level 1: Level 2: A fountain. Level 3: A grave. Stairs down to The Gnomish Mines. Level 4: <- You were here. Some fountains, some graves, some trees. Final resting place for you, killed by a killer bee. The Gnomish Mines: Level 4: Game over: __________ / \ / REST \ / IN \ / PEACE \ / \ | elenmirie | | 393 Au | | killed by a | | killer bee | | | | | | 2022 | *| * * * | * _________)/\\_//(\/(/\)/\//\/|_)_______ Aloha elenmirie the Tourist... You died in The Dungeons of Doom on dungeon level 4 with 706 points, and 393 pieces of gold, after 1690 moves. You were level 4 with a maximum of 34 hit points when you died.